 Dungeon Crawl Stone Soup version 0.22.1-1-ga44c0e5 (webtiles) character file.

3 MalarOregon the Chiller (level 1, 0/13 HPs)
             Began as a Merfolk Ice Elementalist on Nov 7, 2018.
             Slain by a bat (1 damage)
             ... on level 1 of the Dungeon.
             The game lasted 00:01:03 (91 turns).

MalarOregon the Chiller (Merfolk Ice Elementalist)    Turns: 91, Time: 00:01:04

Health: 0/13       AC:  2    Str:  8    XL:     1   Next: 50%
Magic:  0/3        EV: 13    Int: 14    God:
Gold:   0          SH:  0    Dex: 14    Spells: 3/4 levels left

rFire    . . .     SeeInvis .   (no weapon)
rCold    . . .     Gourm    .   (no shield)
rNeg     . . .     Faith    .   a - +0 robe
rPois    .         Spirit   .   (no helmet)
rElec    .         Reflect  .   (no cloak)
rCorr    .         Harm     .   (no gloves)
MR       .....                  (no boots)
Stlth    ++........             (no amulet)
HPRegen  0.04/turn              (no ring)
MPRegen  0.08/turn              (no ring)

@: no status effects
A: change form in water, swift swim, stealthy swim
a: no special abilities


You were on level 1 of the Dungeon.
You were not hungry.

You visited 1 branch of the dungeon, and saw 1 of its levels.

Inventory:

Armour
 a - a +0 robe (worn)
Comestibles
 e - a ration {!d}


   Skills:
 + Level 0.2 Fighting
 + Level 2.8 Dodging
 - Level 2.1 Stealth
 + Level 2.0 Spellcasting
   Level 0.7 Conjurations
 + Level 3.3 Ice Magic


You had 3 spell levels left.
You knew the following spells:

 Your Spells              Type           Power        Failure   Level  Hunger
a - Freeze                Ice            ##..         6%          1    ##.....

Your spell library contained the following spells:

 Spells                   Type           Power        Failure   Level  Hunger
 Throw Frost              Conj/Ice       #.....       16%         2    ###....
 Ozocubu's Armour         Chrm/Ice       #.......     34%         3    ####...
 Throw Icicle             Conj/Ice       #.......     71%         4    #####..
 Summon Ice Beast         Ice/Summ       #.......     75%         4    #####..


Dungeon Overview and Level Annotations

Branches:
Dungeon (1/15)

Altars:


Message History

The bat barely misses you. The bat closely misses you.
Aim: a hobgoblin, wielding a club (severely wounded)
You freeze the hobgoblin.
You kill the hobgoblin!
The bat barely misses you. The bat hits you but does no damage.
The bat completely misses you. The bat hits you but does no damage.
The bat barely misses you. The bat hits you.
Your magical contamination has completely faded away.
You hit the bat. The bat barely misses you.
You barely miss the kobold. The kobold closely misses you.
You hit the kobold but do no damage. The kobold hits you but does no damage.
You barely miss the kobold. The kobold hits you but does no damage.
Aim: a kobold, wielding a short sword You freeze the kobold.
The kobold barely misses you.
You closely miss the kobold. The kobold hits you with a short sword.
You hit the kobold.
You kill the kobold!
The bat hits you. x2
* * * LOW HITPOINT WARNING * * *
You miss the bat. The bat closely misses you.
You hit the kobold. The kobold hits you but does no damage.
You hit the kobold but do no damage. The kobold hits you.
* * * LOW HITPOINT WARNING * * *
You barely miss the kobold. The kobold hits you but does no damage.
The kobold hits you.
* * * LOW HITPOINT WARNING * * *
There is an open gate here.
The bat closely misses you. The bat closely misses you.
Aim: a kobold (moderately wounded)
You freeze the kobold.
You kill the kobold!
The bat misses you.
You closely miss the bat. The bat hits you.
* * * LOW HITPOINT WARNING * * *
The bat misses you. The bat misses you.
There is an open door here.
You hit the bat but do no damage. The bat barely misses you.
The bat misses you.
You closely miss the bat. The bat hits you.
* * * LOW HITPOINT WARNING * * *
The bat hits you but does no damage. The bat barely misses you.
You closely miss the bat. The bat hits you but does no damage.
The bat hits you.
You die...

♣♣♣♣...♣♣
##♣♣.......♣♣♣##
♣............).♣#####
#♣..♣♣♣#'''#♣♣♣....♣.♣
#..♣♣###...###♣♣...)..
#♣♣♣ #..†....# ♣♣♣...[
####..8.8..# ♣♣♣..
###.b#.......# ♣♣.
#....@.......# ♣♣
#....#...⌠...# ♣.
#.<..#.8...8.+ ♣♣
#....#...8...# ♣.
############## ♣♣


You could see a bat.

Vanquished Creatures
  A hobgoblin (D:1)
  2 kobolds (D:1)
3 creatures vanquished.

Notes
Turn   | Place    | Note
-------+----------+-------------------------------------------
     0 | D:1      | MalarOregon the Merfolk Ice Elementalist began the quest
                  | for the Orb.
     0 | D:1      | Reached XP level 1. HP: 13/13 MP: 3/3
    91 | D:1      | Slain by a bat

Action                   || total
-------------------------++-------
Melee: Unarmed           ||    16
 Cast: Freeze            ||     5
Armor: Robe              ||     7
Dodge: Dodged            ||    24
